[Event "Team 45 45 League T52"]
[Site "Internet Chess Club"]
[Date "2012.02.25"]
[Round "2"]
[White "Portola"]
[Black "diegoami"]
[Result "1/2-1/2"]
[WhiteElo "1768"]
[BlackElo "1769"]
[Opening "Dutch"]
[ECO "A80"]
[Time "12:00:46"]
[TimeControl "2700+45"]

1. d4 f5 2. Nf3 e6 3. Bf4 Nf6 4. h3 Bb4+ 5. c3 Be7 6. e3 b6 7. Bd3 Bb7 8. Nbd2
O-O 9. Qc2 c5 10. O-O-O Nc6 11. g4 Nd5 12. gxf5 Nxf4 13. exf4 cxd4 14. Kb1 dxc3
15. bxc3 Rc8 16. fxe6 Nb4 17. Qb3 Bd5 18. c4 Bxe6 19. f5 Rxf5 20. Nd4 Rxf2 21.
Nxe6 dxe6 22. Nf3 Qf8 23. Nd4 Bf6 24. Nc2 Nxc2 25. Bxc2 Qc5 26. Rhf1 Rxf1 27.
Rxf1 Qxc4 28. Re1 Qxb3+ 29. Bxb3 Kf8 30. Rxe6 Rc3 31. Rd6 Rxh3 32. Rd7 Rh1+ 33.
Kc2 a5 34. Rb7 Bd4 35. Kd3 Bf6 36. Rxb6 h5 37. Ra6 h4 38. Rxa5 h3 39. Rh5 h2 40.
Bd5 Rd1+ 41. Kc4 Rd2 42. a4 Rd4+ 43. Kc5 Rxa4 44. Rxh2 Bd4+ 45. Kc6 Ra6+ 46. Kd7
Ra7+ 47. Kc6 g5 48. Rg2 Rg7 49. Rg4 Be3 50. Kd6 Rg6+ 51. Ke5 Ke7 52. Kf5 Rf6+
53. Ke4 Bf4 54. Kd4 Kd6 55. Be4 Rh6 56. Bd3 Rh4 57. Rxh4 gxh4 {Game drawn by
mutual agreement} 1/2-1/2

[Event "Team 45 45 League T52"]
[Site "Internet Chess Club"]
[Date "2012.02.28"]
[Round "2"]
[White "vvsi"]
[Black "RD1974"]
[Result "1-0"]
[WhiteElo "1644"]
[BlackElo "1641"]
[Opening "Scandinavian (center counter) defense"]
[ECO "B01"]
[Time "18:01:11"]
[TimeControl "2700+45"]

1. e4 d5 2. exd5 Qxd5 3. c4 Qa5 4. Nc3 e5 5. d4 exd4 6. Qxd4 Nf6 7. Nf3 Bd6 8.
Bg5 Nc6 9. Qe3+ Be6 10. Be2 Ng4 11. Qc1 Nge5 12. Nxe5 Qxe5 13. f4 Qa5 14. a3 Qb6
15. b4 Qd4 16. Nb5 Qe4 17. c5 Bg4 18. O-O Bxe2 19. Re1 f6 20. cxd6 fxg5 21.
Nxc7+ Kf7 22. Nxa8 Rxa8 23. b5 Qd4+ 24. Kh1 Bxb5 25. Rd1 Qf6 26. fxg5 Qe6 27.
Qf4+ Kg8 28. Re1 Qd7 29. a4 Rf8 30. Qd2 Bc4 31. Rac1 Qf5 32. h3 Bd5 33. Kh2 Rd8
34. Rf1 Qe5+ 35. Qf4 Qxd6 36. Qxd6 Rxd6 37. Rcd1 Rd7 38. Rf4 g6 39. Rdf1 Kg7 40.
Rd1 Ne7 41. h4 Nf5 42. g3 Ne3 43. Rd3 Nf5 44. g4 Nxh4 45. Rfd4 Nf3+ 46. Rxf3
Bxf3 47. Rxd7+ Kg8 48. Kg3 Bc6 49. Rd8+ Kg7 50. a5 a6 51. Rc8 Bd5 52. Rc7+ Kg8
53. Kf4 Bc6 54. Ke5 Bf3 55. Kf6 Bxg4 56. Rxb7 h5 57. gxh6 Be2 58. Kxg6 Bd3+ 59.
Kf6 Be4 60. Ra7 Bd3 61. Ke5 Bc4 62. Kd6 {Black resigns} 1-0

[Event "Team 45 45 League T52"]
[Site "Internet Chess Club"]
[Date "2012.03.03"]
[Round "2"]
[White "DARKwizard1"]
[Black "SlimeDog2"]
[Result "1/2-1/2"]
[WhiteElo "2060"]
[BlackElo "2080"]
[Opening "Petrov: Cozio (Lasker) attack"]
[ECO "C42"]
[Time "14:21:53"]
[TimeControl "2700+45"]

1. e4 e5 2. Nf3 Nf6 3. Nxe5 d6 4. Nf3 Nxe4 5. Qe2 Qe7 6. Nc3 Nxc3 7. dxc3 Bf5 8.
Nd4 Bg6 9. Be3 c5 10. Nb5 a6 11. Na3 Nc6 12. g3 d5 13. Bg2 O-O-O 14. O-O-O Qe6
15. h4 Be7 16. Rhe1 {Game drawn by mutual agreement} 1/2-1/2

[Event "Team 45 45 League T52"]
[Site "Internet Chess Club"]
[Date "2012.02.26"]
[Round "2"]
[White "katikus"]
[Black "SimplyClaudia"]
[Result "0-1"]
[WhiteElo "1813"]
[BlackElo "1854"]
[Opening "French: Tarrasch, closed variation"]
[ECO "C05"]
[Time "19:01:22"]
[TimeControl "2700+45"]

1. e4 e6 2. d4 d5 3. Nd2 Nf6 4. e5 Nfd7 5. Bd3 c5 6. c3 Nc6 7. Ne2 Qb6 8. Nf3
Be7 9. O-O f6 10. Nf4 Nd8 11. Re1 O-O 12. exf6 Nxf6 13. dxc5 Bxc5 14. Qc2 Nf7
15. b4 Bd6 16. a4 e5 17. Nxd5 Nxd5 18. Bxh7+ Kh8 19. Re4 Nh6 20. Bxh6 gxh6 21.
Rh4 Bc7 22. Be4 Nf4 23. g3 Rg8 24. Kh1 Nh3 25. a5 Qf6 26. a6 Rb8 27. axb7 Rxb7
28. Bxb7 Bxb7 {White resigns} 0-1

[Event "Team 45 45 League T52"]
[Site "Internet Chess Club"]
[Date "2012.02.26"]
[Round "2"]
[White "Mobtaker"]
[Black "plutonas"]
[Result "0-1"]
[WhiteElo "1594"]
[BlackElo "1502"]
[Opening "Nimzo-Indian: three knights variation"]
[ECO "E21"]
[Time "12:00:41"]
[TimeControl "2700+45"]

1. d4 Nf6 2. c4 e6 3. Nc3 Bb4 4. Nf3 b6 5. e3 Bb7 6. Bd3 O-O 7. O-O Bxc3 8. bxc3
d6 9. Re1 Ne4 10. Qc2 f5 11. Nd2 Nxd2 12. Bxd2 Qf6 13. f3 e5 14. Bc1 Nd7 15. Bb2
e4 16. fxe4 fxe4 17. Bf1 Rf7 18. Re2 Raf8 19. Qc1 Qg6 20. Qc2 Bc8 21. g3 Nf6 22.
Bg2 h5 23. Rf1 h4 24. gxh4 Ng4 25. Rxf7 Qxf7 26. Qxe4 Qxc4 27. Qd5+ Be6 28. Qxc4
Bxc4 29. Re1 Rf2 30. h3 Rxb2 31. hxg4 Rxa2 32. Be4 a5 33. h5 a4 34. g5 a3 35. h6
Rb2 36. h7+ Kh8 37. g6 a2 38. Ra1 d5 39. Bf5 Bb5 40. Kh1 Ba4 41. Rf1 Rf2 42.
Rxf2 a1=Q+ 43. Bb1 Qxb1+ 44. Kh2 Qxg6 45. Rg2 Qh6+ 46. Kg1 Qxe3+ 47. Kh1 Qxc3
48. Kh2 Kxh7 49. Rg3 Qxg3+ 50. Kxg3 Kg6 51. Kf4 Kf6 52. Ke3 Kf5 53. Kf3 Bc2 54.
Ke3 b5 55. Kd2 Be4 56. Kc3 g5 57. Kb4 c6 58. Kc5 g4 59. Kxc6 b4 60. Kc5 b3 61.
Kb4 b2 62. Kc3 b1=R 63. Kd2 g3 64. Kc3 g2 65. Kd2 g1=B 66. Kc3 Bf2 67. Kd2 Bxd4
68. Ke2 Rb2+ 69. Kd1 Bf3+ 70. Kc1 Rf2 71. Kb1 Kf4 72. Kc1 Be3+ 73. Kb1 Be4+ 74.
Ka1 Bd4# {White checkmated} 0-1

[Event "Team 45 45 League T52"]
[Site "Internet Chess Club"]
[Date "2012.02.24"]
[Round "2"]
[White "tryanything"]
[Black "Gilguli"]
[Result "0-1"]
[WhiteElo "1565"]
[BlackElo "1395"]
[Opening "Giuoco Piano"]
[ECO "C50"]
[Time "16:53:26"]
[TimeControl "2700+45"]

1. e4 e5 2. Nf3 Nc6 3. Bc4 Bc5 4. O-O Nf6 5. c3 Nxe4 6. d4 d5 7. Bxd5 Qxd5 8.
dxc5 Qxd1 9. Rxd1 Bg4 10. Be3 Bxf3 11. gxf3 Nf6 12. Nd2 O-O-O 13. Ne4 Nh5 14. b4
Rxd1+ 15. Rxd1 Rd8 16. Rxd8+ Kxd8 17. Ng5 f6 18. Ne4 Ke7 19. a4 Ke6 20. Kf1 f5
21. Ng5+ Kd5 22. Nxh7 f4 23. Bd2 a5 24. Ng5 axb4 25. cxb4 Kc4 26. b5 Nd4 27. b6
c6 28. a5 Kxc5 29. Ne4+ Kb5 30. Nd6+ Ka6 31. Nc4 Nxf3 32. Bc3 Nxh2+ 33. Kg2 Ng4
34. f3 Ne3+ 35. Nxe3 fxe3 36. Kf1 Nf4 37. Bxe5 Nd5 38. Bxg7 Kxa5 39. Bd4 Kb5 40.
Ke2 Kc4 41. Be5 c5 42. Bc7 Kd4 43. Bd8 Nf4+ 44. Ke1 Kd3 45. Bg5 Ng2+ 46. Kf1 e2+
47. Kxg2 {White resigns} 0-1